Canadiens vs Senators

Created - December-18-13 at 17:40

Goals
1 2 3 T
Canadiens 0 0 0 0
Senators 2 1 1 4
Shots
1 2 3 T
Canadiens 12 9 6 27
Senators 20 11 11 42

1st period

1. Senators , Pierre-Alexandr Parenteau 15 (Alexander Edler, Marc-Edouard Vlasic) at 7:38
2. Senators , Jared Cowen 5 (Jeff Carter, Sidney Crosby) at 14:54 (PP)

Penalties :
Eric Nystrom (MTL) for Elbowing (Minor) at 0:43, Jan Hejda (OTT) for Hooking (Minor) at 9:43, Eric Nystrom (MTL) for Hooking (Minor) at 11:52, Mark Fistric (MTL) for High sticking (Minor) at 13:16

2nd period

3. Senators , Jerred Smithson 5 (Kaspars Daugavins, Jan Hejda) at 10:38

Penalties :
Brooks Orpik (MTL) for Interference (Minor) at 2:51, Mike Weber (MTL) for Hooking (Minor) at 3:57, Alexander Edler (OTT) for Cross-checking (Minor) at 13:43

3rd period

4. Senators , Jared Cowen 6 (Jason Spezza, Pierre-Alexandr Parenteau) at 4:16 (PP)

Penalties :
Mike Weber (MTL) for Interference (Minor) at 3:51, Alexander Edler (OTT) for Roughing (Minor) at 4:33, Joffrey Lupul (MTL) for Hooking (Minor) at 14:10

Goalie Stats

Craig Anderson (MTL), 38 saves from 42 shots - (0.905), L, 14-9-4, 60:00 minutes
Carey Price (OTT), 27 saves from 27 shots - (1.000), W, 15-7-3, 60:00 minutes

Players Stats for Canadiens

Player Name              G  A  P  +/- PIM S  H  SB GA TA FO     MP     PP MP  PK MP  
------------------------------------------------------------------------------------
Brooks Orpik             0  0  0  -1  2   3  3  0  0  0  0/0    23:43   2:53   4:45 
Corey Perry              0  0  0   0  0   3  2  0  0  0  2/2    18:14   3:18   0:00 
Dave Bolland             0  0  0   0  0   1  1  1  0  0  8/16   10:12   0:00   0:38 
Eric Nystrom             0  0  0   0  4   1  3  1  0  0  1/2    13:40   0:00   4:08 
Joffrey Lupul            0  0  0   0  2   4  3  0  0  0  1/5    20:13   2:39   2:53 
John Mitchell            0  0  0  -2  0   0  3  0  0  0  5/8     7:02   0:00   2:41 
Jonathan Toews           0  0  0   0  0   1  0  3  0  0  18/34  24:45   3:18   6:31 
Jordan Eberle            0  0  0   0  0   1  0  0  0  0  0/1    17:21   2:39   0:00 
Mark Fistric             0  0  0   0  2   0  4  2  0  0  0/0    15:49   0:00   4:50 
Mason Raymond            0  0  0   0  0   2  0  0  0  0  0/1     9:34   0:00   0:00 
Matt Moulson             0  0  0   0  0   2  0  0  0  0  3/4    18:14   3:18   0:00 
Michal Rozsival          0  0  0  -1  0   0  4  1  0  0  0/0    24:05   2:55   4:42 
Mike Weber               0  0  0   0  4   0  1  3  0  0  0/0    14:43   0:09   3:36 
Pavel Datsyuk            0  0  0   0  0   6  0  1  0  0  10/17  17:21   2:39   0:00 
Sven Baertschi           0  0  0  -2  0   1  0  0  0  0  0/1     4:21   0:00   0:00 
T.J. Brennan             0  0  0  -1  0   0  1  0  0  0  0/0    19:23   2:55   0:00 
Taylor Pyatt             0  0  0  -2  0   0  0  0  0  0  0/1     7:02   0:00   2:41 
Travis Hamonic           0  0  0  -1  0   2  1  1  0  0  0/0    22:13   3:02   3:05 

Players Stats for Senators

Player Name              G  A  P  +/- PIM S  H  SB GA TA FO     MP     PP MP  PK MP  
------------------------------------------------------------------------------------
Alexander Edler          0  1  1   1  4   4  8  0  0  0  0/0    20:42   5:13   0:16 
Dustin Byfuglien         0  0  0   0  0   3  2  1  0  0  0/0    10:04   4:11   0:47 
Erik Condra              0  0  0   1  0   0  0  0  0  0  0/0     6:47   0:00   3:02 
Filip Kuba               0  0  0   0  0   3  0  0  0  0  0/0    23:18   5:13   3:01 
James Neal               0  0  0   0  0   4  6  0  0  0  0/3    20:02   5:29   0:00 
Jan Hejda                0  1  1   1  2   2  3  1  0  0  0/0    19:42   0:00   0:54 
Jared Cowen              2  0  2   1  0   2  0  0  0  0  0/0    13:37   5:17   2:30 
Jason Spezza             0  1  1   1  0   1  1  0  0  0  18/27  18:00   5:01   0:00 
Jeff Carter              0  1  1   0  0   1  1  0  0  0  0/1    20:02   5:29   0:00 
Jerred Smithson          1  0  1   1  0   2  1  0  0  0  6/9     6:40   0:00   2:55 
Josh Bailey              0  0  0   0  0   2  1  2  0  0  1/2    17:17   5:01   0:00 
Kaspars Daugavins        0  1  1   2  0   0  1  1  0  0  1/1    19:39   0:00   2:55 
Marc-Edouard Vlasic      0  1  1   1  0   0  1  2  0  0  0/0    18:41   0:00   1:16 
Mark Eaton               0  0  0   0  0   2  0  1  0  0  0/0    13:53   1:06   3:10 
Mika Zibanejad           0  0  0   0  0   3  1  0  0  0  8/18   12:16   0:00   0:00 
Pierre-Alexandr Parentea 1  1  2   1  0   7  1  0  0  0  0/2    18:00   5:01   0:00 
Sidney Crosby            0  1  1   0  0   6  1  0  0  0  8/25   20:02   5:29   0:00 
Tyler Kennedy            0  0  0   0  0   0  1  1  0  0  2/4    15:18   0:00   3:02 

3 Stars

1 - Carey Price (OTT)
2 - Jared Cowen (OTT)
3 - Pierre-Alexandr Parenteau (OTT)

Power Play

Canadiens - 0 on 3 Attempt(s) - 0.00%
Senators - 2 on 7 Attempt(s) - 28.57%

Penalty Kill

Canadiens - 5 on 7 Attempt(s) - 71.43% - Score 0 goal in Penalty Kill
Senators - 3 on 3 Attempt(s) - 100.00% - Score 0 goal in Penalty Kill

Official

Referees : Mark Lemelin and Rob Martell
Linesman : Kiel Murchison and Greg Devorski

Game Notes

Dustin Byfuglien is injured at 5:35 of 2nd period (Right Foot)

Finance

Level 1 -- Attendance: 6477 (99.65%) -- Ticket Income $647,700
Level 2 -- Attendance: 4902 (98.04%) -- Ticket Income $294,120
Level 3 -- Attendance: 3204 (91.54%) -- Ticket Income $112,140
Level 4 -- Attendance: 3030 (96.10%) -- Ticket Income $90,900
Luxury Box -- Attendance: 695 (69.50%) -- Ticket Income $173,750
Game was played at the Scotiabank Place
Total Attendance: 18308 (95.59%)
Total Ticket Income: $1,318,610
Other Income: $197,792
Total Income: $1,516,402


% Time on Ice - Canadiens

Lines # - Real PCT - Wanted PCT - Time Play
Normal Forward
1 - 34% - 33% - 14:56
2 - 34% - 32% - 14:42
3 - 22% - 22% - 9:34
4 - 10% - 13% - 4:21
Normal Defense
1 - 38% - 37% - 16:28
2 - 37% - 36% - 16:06
3 - 12% - 14% - 5:21
4 - 13% - 13% - 5:38
PP Forward
1 - 55% - 51% - 3:18
2 - 45% - 49% - 2:39
PP Defense
1 - 49% - 50% - 2:55
2 - 51% - 50% - 3:02
PK Forward
1 - 70% - 60% - 6:21
2 - 30% - 40% - 2:41
PK Defense
1 - 52% - 60% - 4:42
2 - 48% - 40% - 4:20
PK3 Forward
1 - 85% - 60% - 1:15
2 - 15% - 40% - 0:13
PK3 Defense
1 - 75% - 60% - 1:06
2 - 25% - 40% - 0:22
44 Forward
1 - 0% - 60%
2 - 0% - 40%
44 Defense
1 - 0% - 60%
2 - 0% - 40%
Last Minute Offensive  - 0:00
Last Minute Defensive  - 0:00
Total
Forward - 60:00
Defense - 60:00

% Time on Ice - Senators

Lines # - Real PCT - Wanted PCT - Time Play
Normal Forward
1 - 33% - 32% - 14:33
2 - 30% - 32% - 12:59
3 - 28% - 21% - 12:16
4 - 9% - 15% - 3:45
Normal Defense
1 - 30% - 32% - 13:02
2 - 35% - 32% - 15:04
3 - 22% - 25% - 9:37
4 - 13% - 11% - 5:50
PP Forward
1 - 48% - 50% - 5:01
2 - 52% - 50% - 5:29
PP Defense
1 - 50% - 50% - 5:17
2 - 50% - 50% - 5:13
PK Forward
1 - 49% - 50% - 2:55
2 - 51% - 50% - 3:02
PK Defense
1 - 34% - 50% - 2:03
2 - 66% - 50% - 3:54
PK3 Forward
1 - 0% - 50%
2 - 0% - 50%
PK3 Defense
1 - 0% - 50%
2 - 0% - 50%
44 Forward
1 - 0% - 52%
2 - 0% - 48%
44 Defense
1 - 0% - 52%
2 - 0% - 48%
Last Minute Offensive  - 0:00
Last Minute Defensive  - 0:00
Total
Forward - 60:00
Defense - 60:00

Play by Play

1st period


0:01 of 1st period - Corey Perry wins face-off versus James Neal in neutral zone.
0:03 of 1st period - Off-side.
0:04 of 1st period - Jason Spezza wins face-off versus Joffrey Lupul in neutral zone.
0:15 of 1st period - Shot by Pierre-Alexandr Parenteau.
0:15 of 1st period - Stopped by Craig Anderson with a rebound.
0:19 of 1st period - Shot by Jason Spezza.
0:19 of 1st period - Shot Misses the Net.
0:21 of 1st period - Shot by Dustin Byfuglien.
0:21 of 1st period - Shot Misses the Net.
0:23 of 1st period - Shot by Dustin Byfuglien.
0:23 of 1st period - Stopped by Craig Anderson without a rebound.
0:24 of 1st period - Dave Bolland wins face-off versus Mika Zibanejad in Canadiens zone.
0:24 of 1st period - Dave Bolland is hit by Mika Zibanejad.
0:43 of 1st period - Minor Penalty to Eric Nystrom for Elbowing.
0:44 of 1st period - Jonathan Toews wins face-off versus Jeff Carter in Canadiens zone.
1:03 of 1st period - Icing by Jared Cowen.
1:04 of 1st period - John Mitchell wins face-off versus Sidney Crosby in Senators zone.
2:16 of 1st period - Shot by Filip Kuba.
2:16 of 1st period - Shot Blocked by Michal Rozsival.
2:24 of 1st period - Shot by Alexander Edler.
2:24 of 1st period - Shot Blocked by Jonathan Toews.
2:26 of 1st period - Shot by Filip Kuba.
2:26 of 1st period - Stopped by Craig Anderson without a rebound.
2:27 of 1st period - John Mitchell wins face-off versus Sidney Crosby in Canadiens zone.
2:27 of 1st period - John Mitchell is hit by Sidney Crosby.
2:43 of 1st period - Off-side.
2:44 of 1st period - Jerred Smithson wins face-off versus Dave Bolland in neutral zone.
2:49 of 1st period - Shot by Erik Condra.
2:49 of 1st period - Shot Blocked by Dave Bolland.
3:07 of 1st period - Brooks Orpik is hit by Jerred Smithson and loses puck.
3:41 of 1st period - Alexander Edler is hit by Eric Nystrom and loses puck.
3:58 of 1st period - Shot by James Neal.
3:58 of 1st period - Stopped by Craig Anderson without a rebound.
3:59 of 1st period - Jonathan Toews wins face-off versus Mika Zibanejad in Canadiens zone.
4:06 of 1st period - Shot by Corey Perry.
4:06 of 1st period - Stopped by Carey Price without a rebound.
4:07 of 1st period - Mika Zibanejad wins face-off versus Jonathan Toews in Senators zone.
4:07 of 1st period - Mika Zibanejad is hit by Corey Perry.
4:10 of 1st period - Dustin Byfuglien is hit by Corey Perry and loses puck.
4:21 of 1st period - Shot by Matt Moulson.
4:21 of 1st period - Shot Blocked by Josh Bailey.
4:24 of 1st period - Icing by Filip Kuba.
4:25 of 1st period - Tyler Kennedy wins face-off versus Jordan Eberle in Senators zone.
4:56 of 1st period - Shot by Pavel Datsyuk.
4:56 of 1st period - Stopped by Carey Price without a rebound.
4:57 of 1st period - Matt Moulson wins face-off versus Jason Spezza in Senators zone.
4:57 of 1st period - Matt Moulson is hit by Alexander Edler.
5:34 of 1st period - Icing by Alexander Edler.
5:35 of 1st period - Pavel Datsyuk wins face-off versus Jason Spezza in Senators zone.
5:35 of 1st period - Pavel Datsyuk is hit by Alexander Edler.
6:05 of 1st period - Shot by Joffrey Lupul.
6:05 of 1st period - Stopped by Carey Price without a rebound.
6:06 of 1st period - John Mitchell wins face-off versus Sidney Crosby in Senators zone.
6:25 of 1st period - Shot by James Neal.
6:25 of 1st period - Shot Misses the Net.
7:14 of 1st period - Icing by Travis Hamonic.
7:15 of 1st period - Jason Spezza wins face-off versus Sven Baertschi in Canadiens zone.
7:16 of 1st period - Shot by Pierre-Alexandr Parenteau.
7:16 of 1st period - Stopped by Craig Anderson with a rebound.
7:32 of 1st period - Shot by Pierre-Alexandr Parenteau.
7:32 of 1st period - Shot Misses the Net.
7:38 of 1st period - Shot by Pierre-Alexandr Parenteau.
7:38 of 1st period - Goal by Pierre-Alexandr Parenteau - Canadiens : 0 - Senators : 1.
7:39 of 1st period - Jonathan Toews wins face-off versus Mika Zibanejad in neutral zone.
8:03 of 1st period - Icing by T.J. Brennan.
8:04 of 1st period - Jonathan Toews wins face-off versus Sidney Crosby in Canadiens zone.
8:04 of 1st period - Jonathan Toews is hit by James Neal.
8:13 of 1st period - Matt Moulson is hit by Marc-Edouard Vlasic and loses puck.
8:46 of 1st period - Shot by Sidney Crosby.
8:46 of 1st period - Stopped by Craig Anderson without a rebound.
8:47 of 1st period - Jason Spezza wins face-off versus Joffrey Lupul in Canadiens zone.
9:00 of 1st period - Shot by Pierre-Alexandr Parenteau.
9:00 of 1st period - Shot Blocked by Mike Weber.
9:02 of 1st period - Shot by Filip Kuba.
9:02 of 1st period - Deflect By Pierre-Alexandr Parenteau.
9:02 of 1st period - Stopped by Craig Anderson without a rebound.
9:03 of 1st period - Dave Bolland wins face-off versus Mika Zibanejad in Canadiens zone.
9:14 of 1st period - Shot by Dave Bolland.
9:14 of 1st period - Shot Blocked by Jan Hejda.
9:16 of 1st period - Shot by Mason Raymond.
9:16 of 1st period - Deflect By Dave Bolland.
9:16 of 1st period - Shot Blocked by Josh Bailey.
9:20 of 1st period - Shot by Eric Nystrom.
9:20 of 1st period - Shot Blocked by Mark Eaton.
9:22 of 1st period - Shot by Brooks Orpik.
9:22 of 1st period - Stopped by Carey Price with a rebound.
9:43 of 1st period - Minor Penalty to Jan Hejda for Hooking.
9:44 of 1st period - Jonathan Toews wins face-off versus Jerred Smithson in Senators zone.
9:47 of 1st period - Shot by Matt Moulson.
9:47 of 1st period - Shot Blocked by Kaspars Daugavins.
10:02 of 1st period - Jonathan Toews is hit by Dustin Byfuglien and loses puck.
10:45 of 1st period - Shot by Joffrey Lupul.
10:45 of 1st period - Deflect By Jordan Eberle.
10:45 of 1st period - Shot Misses the Net.
10:47 of 1st period - Shot by Travis Hamonic.
10:47 of 1st period - Shot Misses the Net.
10:49 of 1st period - Shot by Travis Hamonic.
10:49 of 1st period - Stopped by Carey Price with a rebound.
10:51 of 1st period - Shot by Travis Hamonic.
10:51 of 1st period - Stopped by Carey Price with a rebound.
10:53 of 1st period - Shot by Joffrey Lupul.
10:53 of 1st period - Shot Misses the Net.
10:55 of 1st period - Shot by Pavel Datsyuk.
10:55 of 1st period - Stopped by Carey Price without a rebound.
10:56 of 1st period - Pavel Datsyuk wins face-off versus Jerred Smithson in Senators zone.
11:04 of 1st period - Icing by Joffrey Lupul.
11:05 of 1st period - Jerred Smithson wins face-off versus Pavel Datsyuk in Canadiens zone.
11:26 of 1st period - Shot by Pavel Datsyuk.
11:26 of 1st period - Stopped by Carey Price without a rebound.
11:27 of 1st period - Corey Perry wins face-off versus Jerred Smithson in Senators zone.
11:43 of 1st period - Icing by Mark Eaton.
11:44 of 1st period - Dave Bolland wins face-off versus Sidney Crosby in Senators zone.
11:52 of 1st period - Minor Penalty to Eric Nystrom for Hooking.
11:53 of 1st period - Jason Spezza wins face-off versus Jonathan Toews in Canadiens zone.
11:53 of 1st period - Jason Spezza is hit by Mark Fistric.
11:55 of 1st period - Shot by Pierre-Alexandr Parenteau.
11:55 of 1st period - Shot Misses the Net.
11:57 of 1st period - Shot by Josh Bailey.
11:57 of 1st period - Shot Misses the Net.
12:16 of 1st period - Josh Bailey is hit by Mark Fistric and loses puck.
12:32 of 1st period - Shot by Pierre-Alexandr Parenteau.
12:32 of 1st period - Stopped by Craig Anderson with a rebound.
12:34 of 1st period - Shot by Alexander Edler.
12:34 of 1st period - Stopped by Craig Anderson without a rebound.
12:35 of 1st period - Sidney Crosby wins face-off versus Jonathan Toews in Canadiens zone.
13:05 of 1st period - Sidney Crosby is hit by Michal Rozsival and loses puck.
13:08 of 1st period - Shot by Jeff Carter.
13:08 of 1st period - Shot Misses the Net.
13:10 of 1st period - Shot by Jared Cowen.
13:10 of 1st period - Shot Blocked by Mike Weber.
13:12 of 1st period - Shot by Dustin Byfuglien.
13:12 of 1st period - Stopped by Craig Anderson with a rebound.
13:14 of 1st period - Shot by Sidney Crosby.
13:14 of 1st period - Stopped by Craig Anderson without a rebound.
13:15 of 1st period - Jason Spezza wins face-off versus John Mitchell in Canadiens zone.
13:15 of 1st period - Alexander Edler is hit by Mark Fistric and loses puck.
13:16 of 1st period - Minor Penalty to Mark Fistric for High sticking.
13:17 of 1st period - Jason Spezza wins face-off versus Dave Bolland in Canadiens zone.
13:26 of 1st period - Shot by Alexander Edler.
13:26 of 1st period - Stopped by Craig Anderson with a rebound.
13:28 of 1st period - Shot by Filip Kuba.
13:28 of 1st period - Stopped by Craig Anderson without a rebound.
13:29 of 1st period - Jason Spezza wins face-off versus Dave Bolland in Canadiens zone.
13:32 of 1st period - Shot by Filip Kuba.
13:32 of 1st period - Stopped by Craig Anderson without a rebound.
13:33 of 1st period - Jason Spezza wins face-off versus Jonathan Toews in Canadiens zone.
14:14 of 1st period - Shot by Pierre-Alexandr Parenteau.
14:14 of 1st period - Stopped by Craig Anderson without a rebound.
14:15 of 1st period - Jonathan Toews wins face-off versus Sidney Crosby in Canadiens zone.
14:32 of 1st period - Shot by Sidney Crosby.
14:32 of 1st period - Stopped by Craig Anderson without a rebound.
14:33 of 1st period - Jonathan Toews wins face-off versus James Neal in Canadiens zone.
14:52 of 1st period - Shot by Jeff Carter.
14:52 of 1st period - Shot Blocked by Travis Hamonic.
14:54 of 1st period - Shot by Jared Cowen.
14:54 of 1st period - Goal by Jared Cowen - Canadiens : 0 - Senators : 2.
14:55 of 1st period - Pavel Datsyuk wins face-off versus Jason Spezza in neutral zone.
15:04 of 1st period - Shot by Pavel Datsyuk.
15:04 of 1st period - Stopped by Carey Price without a rebound.
15:05 of 1st period - Jason Spezza wins face-off versus Pavel Datsyuk in Senators zone.
15:05 of 1st period - Jason Spezza is hit by Joffrey Lupul.
15:14 of 1st period - Icing by Pierre-Alexandr Parenteau.
15:15 of 1st period - Jonathan Toews wins face-off versus Jason Spezza in Senators zone.
15:52 of 1st period - Corey Perry is hit by Alexander Edler and loses puck.
16:25 of 1st period - Shot by Pavel Datsyuk.
16:25 of 1st period - Stopped by Carey Price without a rebound.
16:26 of 1st period - Mika Zibanejad wins face-off versus Dave Bolland in Senators zone.
16:26 of 1st period - Mika Zibanejad is hit by Eric Nystrom.
16:39 of 1st period - Josh Bailey is hit by Mike Weber and loses puck.
17:04 of 1st period - Shot by Mason Raymond.
17:04 of 1st period - Shot Misses the Net.
17:56 of 1st period - Shot by James Neal.
17:56 of 1st period - Stopped by Craig Anderson with a rebound.
17:58 of 1st period - Shot by Sidney Crosby.
17:58 of 1st period - Shot Misses the Net.
18:24 of 1st period - Jonathan Toews is hit by Jason Spezza and loses puck.
19:14 of 1st period - Sven Baertschi is hit by Kaspars Daugavins.
19:20 of 1st period - Shot by Sven Baertschi.
19:20 of 1st period - Stopped by Carey Price without a rebound.
19:21 of 1st period - Dave Bolland wins face-off versus Mika Zibanejad in Senators zone.
19:26 of 1st period - Shot by Mason Raymond.
19:26 of 1st period - Stopped by Carey Price without a rebound.
19:27 of 1st period - John Mitchell wins face-off versus Sidney Crosby in Senators zone.
19:27 of 1st period - Sven Baertschi is hit by Dustin Byfuglien.
19:45 of 1st period - Shot by James Neal.
19:45 of 1st period - Deflect By Sidney Crosby.
19:45 of 1st period - Stopped by Craig Anderson without a rebound.
19:46 of 1st period - Pavel Datsyuk wins face-off versus Mika Zibanejad in Canadiens zone.
Goals for this period are 0 for Canadiens vs 2 for Senators.
Shots for this period are 12 for Canadiens vs 20 for Senators.

2nd period


0:01 of 2nd period - Pavel Datsyuk wins face-off versus Sidney Crosby in neutral zone.
0:13 of 2nd period - Icing by Dustin Byfuglien.
0:14 of 2nd period - Jonathan Toews wins face-off versus Sidney Crosby in Senators zone.
0:37 of 2nd period - Filip Kuba is hit by Brooks Orpik and loses puck.
0:48 of 2nd period - Shot by Corey Perry.
0:48 of 2nd period - Stopped by Carey Price with a rebound.
0:50 of 2nd period - Shot by Corey Perry.
0:50 of 2nd period - Shot Misses the Net.
2:41 of 2nd period - Icing by Marc-Edouard Vlasic.
2:42 of 2nd period - Mika Zibanejad wins face-off versus Jonathan Toews in Senators zone.
2:49 of 2nd period - Jonathan Toews is hit by Tyler Kennedy and loses puck.
2:51 of 2nd period - Minor Penalty to Brooks Orpik for Interference.
2:52 of 2nd period - Jonathan Toews wins face-off versus James Neal in Canadiens zone.
3:00 of 2nd period - Off-side.
3:01 of 2nd period - Sidney Crosby wins face-off versus Eric Nystrom in neutral zone.
3:26 of 2nd period - Shot by Dustin Byfuglien.
3:26 of 2nd period - Stopped by Craig Anderson without a rebound.
3:27 of 2nd period - Jason Spezza wins face-off versus John Mitchell in Canadiens zone.
3:28 of 2nd period - Shot by Alexander Edler.
3:28 of 2nd period - Stopped by Craig Anderson without a rebound.
3:29 of 2nd period - Jason Spezza wins face-off versus Jonathan Toews in Canadiens zone.
3:36 of 2nd period - Shot by Pierre-Alexandr Parenteau.
3:36 of 2nd period - Shot Blocked by Mike Weber.
3:38 of 2nd period - Shot by Alexander Edler.
3:38 of 2nd period - Stopped by Craig Anderson with a rebound.
3:45 of 2nd period - Pierre-Alexandr Parenteau is hit by Michal Rozsival and loses puck.
3:57 of 2nd period - Minor Penalty to Mike Weber for Hooking.
3:58 of 2nd period - Eric Nystrom wins face-off versus Sidney Crosby in Canadiens zone.
3:58 of 2nd period - Travis Hamonic is hit by James Neal and loses puck.
4:19 of 2nd period - Shot by Sidney Crosby.
4:19 of 2nd period - Shot Misses the Net.
4:37 of 2nd period - Shot by Sidney Crosby.
4:37 of 2nd period - Stopped by Craig Anderson without a rebound.
4:38 of 2nd period - Dave Bolland wins face-off versus Jason Spezza in Canadiens zone.
5:15 of 2nd period - Shot by Pierre-Alexandr Parenteau.
5:15 of 2nd period - Stopped by Craig Anderson without a rebound.
5:16 of 2nd period - Sidney Crosby wins face-off versus John Mitchell in Canadiens zone.
5:35 of 2nd period - Shot by Jonathan Toews.
5:35 of 2nd period - Shot Blocked by Dustin Byfuglien.
5:35 of 2nd period - Dustin Byfuglien from Senators is injured at 5:35 of 2nd period (Right Foot).
5:36 of 2nd period - Jason Spezza wins face-off versus Jonathan Toews in Senators zone.
5:36 of 2nd period - Jason Spezza is hit by Eric Nystrom.
5:50 of 2nd period - Shot by Alexander Edler.
5:50 of 2nd period - Shot Misses the Net.
5:52 of 2nd period - Shot by Filip Kuba.
5:52 of 2nd period - Shot Misses the Net.
5:54 of 2nd period - Shot by Filip Kuba.
5:54 of 2nd period - Shot Blocked by Eric Nystrom.
5:56 of 2nd period - Shot by Pierre-Alexandr Parenteau.
5:56 of 2nd period - Shot Blocked by Jonathan Toews.
5:58 of 2nd period - Shot by Jerred Smithson.
5:58 of 2nd period - Stopped by Craig Anderson without a rebound.
5:59 of 2nd period - Joffrey Lupul wins face-off versus Sidney Crosby in Canadiens zone.
5:59 of 2nd period - Jordan Eberle is hit by Jeff Carter and loses puck.
6:12 of 2nd period - Shot by Joffrey Lupul.
6:12 of 2nd period - Stopped by Carey Price without a rebound.
6:13 of 2nd period - Jerred Smithson wins face-off versus Jonathan Toews in Senators zone.
6:32 of 2nd period - Shot by Jonathan Toews.
6:32 of 2nd period - Stopped by Carey Price without a rebound.
6:33 of 2nd period - Sidney Crosby wins face-off versus Pavel Datsyuk in Senators zone.
6:37 of 2nd period - James Neal is hit by Michal Rozsival and loses puck.
6:42 of 2nd period - Shot by Sidney Crosby.
6:42 of 2nd period - Deflect By James Neal.
6:42 of 2nd period - Stopped by Craig Anderson without a rebound.
6:43 of 2nd period - Jason Spezza wins face-off versus Jonathan Toews in Canadiens zone.
6:58 of 2nd period - Shot by Jonathan Toews.
6:58 of 2nd period - Shot Misses the Net.
7:01 of 2nd period - Icing by Marc-Edouard Vlasic.
7:02 of 2nd period - Jason Spezza wins face-off versus Joffrey Lupul in Senators zone.
7:02 of 2nd period - Jason Spezza is hit by Joffrey Lupul.
7:09 of 2nd period - Icing by Marc-Edouard Vlasic.
7:10 of 2nd period - Jason Spezza wins face-off versus Pavel Datsyuk in Senators zone.
7:18 of 2nd period - Off-side.
7:19 of 2nd period - Sidney Crosby wins face-off versus Jonathan Toews in neutral zone.
7:21 of 2nd period - Jan Hejda is hit by Michal Rozsival.
7:26 of 2nd period - Sidney Crosby is hit by T.J. Brennan and loses puck.
7:30 of 2nd period - Icing by Michal Rozsival.
7:31 of 2nd period - Jonathan Toews wins face-off versus Jason Spezza in Canadiens zone.
7:56 of 2nd period - Shot by Matt Moulson.
7:56 of 2nd period - Deflect By Jonathan Toews.
7:56 of 2nd period - Shot Misses the Net.
8:06 of 2nd period - Shot by Matt Moulson.
8:06 of 2nd period - Shot Blocked by Marc-Edouard Vlasic.
9:46 of 2nd period - Filip Kuba is hit by Dave Bolland and loses puck.
10:29 of 2nd period - Jan Hejda is hit by John Mitchell and loses puck.
10:38 of 2nd period - Shot by Jerred Smithson.
10:38 of 2nd period - Goal by Jerred Smithson - Canadiens : 0 - Senators : 3.
10:39 of 2nd period - Jonathan Toews wins face-off versus Sidney Crosby in neutral zone.
10:50 of 2nd period - Shot by Corey Perry.
10:50 of 2nd period - Stopped by Carey Price with a rebound.
11:00 of 2nd period - Shot by Matt Moulson.
11:00 of 2nd period - Stopped by Carey Price with a rebound.
11:13 of 2nd period - Travis Hamonic is hit by Alexander Edler and loses puck.
11:54 of 2nd period - Shot by Joffrey Lupul.
11:54 of 2nd period - Stopped by Carey Price without a rebound.
11:55 of 2nd period - Josh Bailey wins face-off versus Mason Raymond in Senators zone.
12:22 of 2nd period - Shot by Josh Bailey.
12:22 of 2nd period - Shot Blocked by Mark Fistric.
13:11 of 2nd period - Shot by Sidney Crosby.
13:11 of 2nd period - Shot Blocked by Pavel Datsyuk.
13:42 of 2nd period - Jonathan Toews is hit by Alexander Edler.
13:43 of 2nd period - Minor Penalty to Alexander Edler for Cross-checking.
13:44 of 2nd period - Tyler Kennedy wins face-off versus Jonathan Toews in Senators zone.
13:57 of 2nd period - Shot by Brooks Orpik.
13:57 of 2nd period - Stopped by Carey Price with a rebound.
13:59 of 2nd period - Shot by Brooks Orpik.
13:59 of 2nd period - Stopped by Carey Price without a rebound.
14:00 of 2nd period - Pavel Datsyuk wins face-off versus Tyler Kennedy in Senators zone.
14:45 of 2nd period - Shot by Matt Moulson.
14:45 of 2nd period - Stopped by Carey Price without a rebound.
14:46 of 2nd period - Jerred Smithson wins face-off versus Jonathan Toews in Senators zone.
15:51 of 2nd period - John Mitchell is hit by Jan Hejda and loses puck.
16:00 of 2nd period - Sven Baertschi is hit by Jan Hejda and loses puck.
16:03 of 2nd period - Shot by Taylor Pyatt.
16:03 of 2nd period - Shot Misses the Net.
16:24 of 2nd period - Jan Hejda is hit by John Mitchell.
16:28 of 2nd period - Jan Hejda is hit by John Mitchell and loses puck.
16:51 of 2nd period - Kaspars Daugavins is hit by Joffrey Lupul and loses puck.
17:25 of 2nd period - Icing by Alexander Edler.
17:26 of 2nd period - Jason Spezza wins face-off versus Matt Moulson in Senators zone.
17:47 of 2nd period - Shot by Josh Bailey.
17:47 of 2nd period - Shot Misses the Net.
17:49 of 2nd period - Shot by Josh Bailey.
17:49 of 2nd period - Shot Misses the Net.
17:53 of 2nd period - Shot by Josh Bailey.
17:53 of 2nd period - Stopped by Craig Anderson without a rebound.
17:54 of 2nd period - Mika Zibanejad wins face-off versus Dave Bolland in Canadiens zone.
18:47 of 2nd period - Shot by Sidney Crosby.
18:47 of 2nd period - Stopped by Craig Anderson with a rebound.
18:49 of 2nd period - Shot by Jan Hejda.
18:49 of 2nd period - Stopped by Craig Anderson without a rebound.
18:50 of 2nd period - Matt Moulson wins face-off versus Jason Spezza in Canadiens zone.
18:58 of 2nd period - Jason Spezza is hit by Brooks Orpik and loses puck.
19:20 of 2nd period - Pierre-Alexandr Parenteau is hit by Brooks Orpik and loses puck.
19:43 of 2nd period - Icing by Jason Spezza.
19:44 of 2nd period - Pavel Datsyuk wins face-off versus Jason Spezza in Senators zone.
Goals for this period are 0 for Canadiens vs 1 for Senators.
Shots for this period are 9 for Canadiens vs 11 for Senators.

3rd period


0:01 of 3rd period - Jerred Smithson wins face-off versus Pavel Datsyuk in neutral zone.
0:10 of 3rd period - Shot by Pavel Datsyuk.
0:10 of 3rd period - Deflect By Joffrey Lupul.
0:10 of 3rd period - Stopped by Carey Price without a rebound.
0:11 of 3rd period - Sidney Crosby wins face-off versus Jonathan Toews in Senators zone.
0:22 of 3rd period - Shot by Sidney Crosby.
0:22 of 3rd period - Deflect By James Neal.
0:22 of 3rd period - Shot Hit the Post.
0:24 of 3rd period - Shot by Mark Eaton.
0:24 of 3rd period - Stopped by Craig Anderson with a rebound.
0:26 of 3rd period - Shot by Jan Hejda.
0:26 of 3rd period - Stopped by Craig Anderson without a rebound.
0:27 of 3rd period - Jerred Smithson wins face-off versus Pavel Datsyuk in Canadiens zone.
1:04 of 3rd period - Michal Rozsival is hit by Alexander Edler and loses puck.
1:40 of 3rd period - Shot by Sidney Crosby.
1:40 of 3rd period - Deflect By James Neal.
1:40 of 3rd period - Stopped by Craig Anderson with a rebound.
1:46 of 3rd period - T.J. Brennan is hit by James Neal and loses puck.
2:09 of 3rd period - Icing by T.J. Brennan.
2:10 of 3rd period - Mika Zibanejad wins face-off versus Joffrey Lupul in Canadiens zone.
2:19 of 3rd period - Shot by Mika Zibanejad.
2:19 of 3rd period - Stopped by Craig Anderson with a rebound.
3:13 of 3rd period - Jason Spezza is hit by Travis Hamonic and loses puck.
3:30 of 3rd period - Shot by Jason Spezza.
3:30 of 3rd period - Stopped by Craig Anderson without a rebound.
3:31 of 3rd period - Sidney Crosby wins face-off versus Dave Bolland in Canadiens zone.
3:51 of 3rd period - Minor Penalty to Mike Weber for Interference.
3:52 of 3rd period - Jonathan Toews wins face-off versus Pierre-Alexandr Parenteau in Canadiens zone.
3:54 of 3rd period - Eric Nystrom is hit by Pierre-Alexandr Parenteau.
4:12 of 3rd period - Shot by Jared Cowen.
4:12 of 3rd period - Shot Misses the Net.
4:14 of 3rd period - Shot by Jason Spezza.
4:14 of 3rd period - Shot Misses the Net.
4:16 of 3rd period - Shot by Jared Cowen.
4:16 of 3rd period - Goal by Jared Cowen - Canadiens : 0 - Senators : 4.
4:17 of 3rd period - Kaspars Daugavins wins face-off versus Dave Bolland in neutral zone.
4:32 of 3rd period - Shot by Dave Bolland.
4:32 of 3rd period - Stopped by Carey Price with a rebound.
4:33 of 3rd period - Minor Penalty to Alexander Edler for Roughing.
4:34 of 3rd period - Matt Moulson wins face-off versus Tyler Kennedy in Senators zone.
5:57 of 3rd period - Shot by Joffrey Lupul.
5:57 of 3rd period - Shot Misses the Net.
6:47 of 3rd period - Shot by Sidney Crosby.
6:47 of 3rd period - Shot Blocked by Mark Fistric.
7:02 of 3rd period - Icing by Mark Fistric.
7:03 of 3rd period - Dave Bolland wins face-off versus Mika Zibanejad in Canadiens zone.
7:11 of 3rd period - Filip Kuba is hit by Mark Fistric and loses puck.
7:54 of 3rd period - Off-side.
7:55 of 3rd period - Jonathan Toews wins face-off versus Jason Spezza in neutral zone.
8:56 of 3rd period - Icing by Jan Hejda.
8:57 of 3rd period - Pavel Datsyuk wins face-off versus Sidney Crosby in Senators zone.
9:06 of 3rd period - Shot by Jordan Eberle.
9:06 of 3rd period - Stopped by Carey Price without a rebound.
9:07 of 3rd period - Mika Zibanejad wins face-off versus Dave Bolland in Senators zone.
9:22 of 3rd period - Shot by Josh Bailey.
9:22 of 3rd period - Stopped by Craig Anderson without a rebound.
9:23 of 3rd period - Pavel Datsyuk wins face-off versus Sidney Crosby in Canadiens zone.
9:23 of 3rd period - Pavel Datsyuk is hit by James Neal.
9:38 of 3rd period - Pavel Datsyuk is hit by Jan Hejda and loses puck.
10:05 of 3rd period - Shot by Pavel Datsyuk.
10:05 of 3rd period - Stopped by Carey Price without a rebound.
10:06 of 3rd period - Jason Spezza wins face-off versus Jonathan Toews in Senators zone.
10:26 of 3rd period - Off-side.
10:27 of 3rd period - Mika Zibanejad wins face-off versus Taylor Pyatt in neutral zone.
10:39 of 3rd period - Shot by John Mitchell.
10:39 of 3rd period - Shot Blocked by Tyler Kennedy.
10:57 of 3rd period - Travis Hamonic is hit by Alexander Edler and loses puck.
11:01 of 3rd period - Icing by Marc-Edouard Vlasic.
11:02 of 3rd period - Jonathan Toews wins face-off versus Josh Bailey in Senators zone.
11:22 of 3rd period - Icing by T.J. Brennan.
11:23 of 3rd period - Jason Spezza wins face-off versus Jonathan Toews in Canadiens zone.
11:36 of 3rd period - Shot by Jason Spezza.
11:36 of 3rd period - Shot Blocked by Jonathan Toews.
11:50 of 3rd period - Shot by Corey Perry.
11:50 of 3rd period - Shot Misses the Net.
12:37 of 3rd period - Icing by Jordan Eberle.
12:38 of 3rd period - Mika Zibanejad wins face-off versus Pavel Datsyuk in Canadiens zone.
12:43 of 3rd period - Shot by Mika Zibanejad.
12:43 of 3rd period - Stopped by Craig Anderson without a rebound.
12:44 of 3rd period - Dave Bolland wins face-off versus Sidney Crosby in Canadiens zone.
12:44 of 3rd period - Dave Bolland is hit by James Neal.
13:08 of 3rd period - Shot by Mason Raymond.
13:08 of 3rd period - Stopped by Carey Price without a rebound.
13:09 of 3rd period - Jonathan Toews wins face-off versus Mika Zibanejad in Senators zone.
13:18 of 3rd period - Shot by Jonathan Toews.
13:18 of 3rd period - Shot Misses the Net.
13:25 of 3rd period - Shot by Mika Zibanejad.
13:25 of 3rd period - Shot Misses the Net.
13:27 of 3rd period - Shot by Jan Hejda.
13:27 of 3rd period - Shot Misses the Net.
13:50 of 3rd period - Icing by Jan Hejda.
13:51 of 3rd period - Pavel Datsyuk wins face-off versus Mika Zibanejad in Senators zone.
13:56 of 3rd period - Shot by Jordan Eberle.
13:56 of 3rd period - Shot Misses the Net.
14:10 of 3rd period - Minor Penalty to Joffrey Lupul for Hooking.
14:11 of 3rd period - Jonathan Toews wins face-off versus Sidney Crosby in Canadiens zone.
14:11 of 3rd period - Jonathan Toews is hit by James Neal.
14:53 of 3rd period - Shot by Jeff Carter.
14:53 of 3rd period - Stopped by Craig Anderson without a rebound.
14:54 of 3rd period - John Mitchell wins face-off versus Pierre-Alexandr Parenteau in Canadiens zone.
14:54 of 3rd period - John Mitchell is hit by Josh Bailey.
15:32 of 3rd period - Shot by Jason Spezza.
15:32 of 3rd period - Shot Misses the Net.
15:34 of 3rd period - Shot by Mark Eaton.
15:34 of 3rd period - Stopped by Craig Anderson without a rebound.
15:35 of 3rd period - Sidney Crosby wins face-off versus Jonathan Toews in Canadiens zone.
15:52 of 3rd period - Shot by Sidney Crosby.
15:52 of 3rd period - Shot Misses the Net.
15:54 of 3rd period - Shot by James Neal.
15:54 of 3rd period - Shot Misses the Net.
15:56 of 3rd period - Shot by Filip Kuba.
15:56 of 3rd period - Shot Misses the Net.
16:57 of 3rd period - Michal Rozsival is hit by Alexander Edler.
17:09 of 3rd period - Shot by Mika Zibanejad.
17:09 of 3rd period - Stopped by Craig Anderson without a rebound.
17:10 of 3rd period - Dave Bolland wins face-off versus Sidney Crosby in Canadiens zone.
17:19 of 3rd period - Shot by Dave Bolland.
17:19 of 3rd period - Shot Misses the Net.
17:31 of 3rd period - Shot by Mason Raymond.
17:31 of 3rd period - Shot Blocked by Marc-Edouard Vlasic.
17:33 of 3rd period - Shot by Eric Nystrom.
17:33 of 3rd period - Stopped by Carey Price without a rebound.
17:34 of 3rd period - Jonathan Toews wins face-off versus Mika Zibanejad in Senators zone.
Goals for this period are 0 for Canadiens vs 1 for Senators.
Shots for this period are 6 for Canadiens vs 11 for Senators.


Output by the SimonT Hockey Simulator (STHS) for Stephane Roy -- Original Page W3C XHTML 1.0 Valid
Hockey Simulator - Hockey Simulation - Hockey Manager